cohdb
Replays
Latest Replays
All Replays
Popular Replays
Top Player Replays
Match Explorer
How It Works
Community
CoH3 Stats
Reddit
Sign in to upload your games and track your stats! →
Sign in with Steam
Match 41867678
Unlisted
Match 41867678
Overview
Messages
Build Orders
End
Kradschützen Motorcycle Team
Panzergrenadier Squad
250 Light Carrier
Panzergrenadier Squad
Construct Light Support Kompanie
MG34 Team
Fire Support Elements
Kradschützen Motorcycle Team
Assault Mechanized Group
Flakvierling Half-track
Selects Armored Support Battlegroup
Selects Veteran Gunners
Vehicle Survival Package
Pak 38 Anti-tank Gun Team
Combat Half-tracks
Construct Panzerarmee Kommand
Selects Salvage Kits
Selects Flammpanzer III Medium Tank
(502) Bad Gateway
Zhenya
0
0
Comments
sign in to comment!
No comments posted yet!